 Dungeon Crawl Stone Soup version 0.19.1-1-g22dce08 (webtiles) character file.

844 Alarkh the Cleaver (level 7, -1/52 HPs)
             Began as a Demonspawn Monk on Jan 7, 2017.
             Was a Believer of Okawaru.
             Slain by a mummy (17 damage)
             ... in an ossuary.
             The game lasted 00:07:13 (5101 turns).

Alarkh the Cleaver (Demonspawn Monk)                Turns: 5101, Time: 00:07:13

Health: -1/52      AC:  7    Str: 12    XL:     7   Next: 68%
Magic:  6/7        EV: 10    Int: 13    God:    Okawaru [**....]
Gold:   180        SH:  4    Dex: 15    Spells: 0 memorised, 6 levels left

rFire  . . .     SeeInvis .     o - +0 war axe
rCold  + . .     Gourm    .     p - +0 scale mail
rNeg   . . .     Faith    .     (no shield)
rPois  +         Spirit   .     (helmet restricted)
rElec  .         Reflect  .     r - +0 cloak
rCorr  .         Harm     .     (no gloves)
MR     .....                    (no boots)
Stlth  +.........               (no amulet)
                                w - ring of protection from cold
                                q - ring of poison resistance

@: no status effects
A: antennae 2, large bone plates 1
a: Heroism, Renounce Religion


You were in an ossuary.
You worshipped Okawaru.
Okawaru was pleased with you.
You were hungry.

You visited 2 branches of the dungeon, and saw 7 of its levels.
You also visited: Ossuary.

You collected 180 gold pieces.

Inventory:

Hand Weapons
 a - a +0 hand axe
 o - a +0 war axe (weapon)
Armour
 i - a +0 robe
 p - a +0 scale mail (worn)
 r - a +0 cloak (worn)
Jewellery
 q - a ring of poison resistance (left hand)
 w - a ring of protection from cold (right hand)
Wands
 y - a wand of disintegration (5/24)
Scrolls
 e - a scroll of identify
 f - 5 scrolls of remove curse
 g - a scroll of amnesia {unknown}
 j - a scroll of fog
 m - a scroll of recharging {unknown}
 s - 2 scrolls of teleportation
 u - a scroll of enchant armour {unknown}
Potions
 d - 3 potions of curing
 h - a potion of cure mutation
 k - a potion of mutation
 l - a potion of flight
 n - a potion of heal wounds
Comestibles
 c - 4 bread rations
 t - 2 meat rations
 v - a beef jerky
 x - 3 fruits


   Skills:
 - Level 3.0 Fighting
 + Level 8.5 Axes
 - Level 2.6 Dodging
 - Level 1.7 Stealth


You had 6 spell levels left.
You didn't know any spells.

Dungeon Overview and Level Annotations

Branches:
Dungeon (6/15)             Temple (1/1) D:4

Altars:
Ashenzari
Cheibriados
Dithmenos
Elyvilon
Fedhas
Gozag
Hepliaklqana
Kikubaaqudgha
Makhleb
Nemelex Xobeh
Okawaru
Qazlal
Ru
Sif Muna
Trog
Uskayaw
Vehumet
Xom
Yredelemnul
Zin
The Shining One
Lugonu

Portals:
Abyss: D:1

Annotations:
D:1 exclusions: hobgoblin and 1 more exclusion


Innate Abilities, Weirdness & Mutations

You have a pair of antennae on your head.
You are partially covered in large bone plates. (SH +4)


Message History

The mummy closely misses you.
You slash the mummy!
The mummy is heavily damaged.
A mummy comes into view.
You hit the mummy.
The mummy is severely damaged.
You slash the mummy!
You destroy the mummy!
Okawaru accepts your kill.
You slash the worker ant zombie!
You destroy the worker ant zombie!
Okawaru accepts your kill.
You feel like a meek peon again.
You slash the mummy!
The mummy is severely damaged.
Your scale mail prevents you from hitting the mummy.
The mummy is severely damaged.
You barely miss the mummy. You hit the mummy.
You hit the mummy but do no damage. x2; The mummy hits you.
The mummy hits you!
You die...

{{ { #####
#∩..# #.∩.#
#M@.# ##M##
........≈≈≈≈P#
M#+#+#'#'#.≈#≈#
{#. .# ## ## ##


You could see 2 mummies.

Vanquished Creatures
  Eustachio (D:4)
  A scorpion (D:6)
  The ghost of Alarkh the Chopper, a weakling DsMo (D:3)
  A crimson imp (D:6)
  A bullfrog zombie (Ossuary)
  A hound (D:4)
  3 orc priests
  An orc wizard (D:3)
  Terence (D:2)
  A worker ant (D:4)
  2 hound zombies (Ossuary)
  6 mummies (Ossuary)
  A worker ant zombie (Ossuary)
  6 adders
  3 gnolls (D:4)
  An adder skeleton (D:4)
  3 worms
  4 leopard geckos
  20 orcs
  3 giant cockroaches
  11 hobgoblins
  3 jackals (D:2)
  8 kobolds
  2 quokkas
  A ball python (D:1)
  7 bats
  12 frilled lizards
  5 goblins
  5 rats
115 creatures vanquished.

Vanquished Creatures (others)
  A withered plant (Ossuary)
1 creature vanquished.

Grand Total: 116 creatures vanquished

Notes
Turn   | Place    | Note
-------+----------+-------------------------------------------
     0 | D:1      | Alarkh the Demonspawn Monk began the quest for the Orb.
     0 | D:1      | Reached XP level 1. HP: 18/18 MP: 1/1
    77 | D:1      | Reached skill level 3 in Axes
   101 | D:1      | Gained mutation: You have a pair of small antennae on your head. [demonic ancestry]
   101 | D:1      | Reached XP level 2. HP: 13/24 MP: 2/2
   823 | D:1      | Found a one-way gate to the infinite horrors of the Abyss.
   823 | D:1      | Found a corrupted altar of Lugonu.
   829 | D:1      | Noticed a demonic crawler
   842 | D:1      | Reached XP level 3. HP: 26/29 MP: 3/3
  1035 | D:2      | Noticed Terence
  1046 | D:2      | Killed Terence
  1046 | D:2      | Reached skill level 4 in Axes
  1089 | D:2      | Reached XP level 4. HP: 34/35 MP: 4/4
  1607 | D:2      | Reached skill level 5 in Axes
  2023 | D:3      | Gained mutation: You are partially covered in large bone plates. (SH +4) [demonic ancestry]
  2023 | D:3      | Reached XP level 5. HP: 38/41 MP: 5/5
  2049 | D:3      | Noticed Alarkh's ghost (weakling DsMo)
  2064 | D:3      | Killed Alarkh's ghost
  3029 | D:4      | Reached skill level 6 in Axes
  3333 | D:3      | Reached XP level 6. HP: 26/47 MP: 6/6
  4105 | D:4      | Found a staircase to the Ecumenical Temple.
  4114 | Temple   | Entered the Ecumenical Temple
  4382 | Temple   | Became a worshipper of Warmaster Okawaru
  4382 | Temple   | Reached * piety under Okawaru
  4382 | Temple   | Reached ** piety under Okawaru
  4439 | D:4      | Noticed Eustachio
  4469 | D:4      | Killed Eustachio
  4469 | D:4      | Reached skill level 7 in Axes
  4619 | D:5      | Entered Level 5 of the Dungeon
  4680 | D:6      | Gained mutation: You have a pair of antennae on your head. [demonic ancestry]
  4680 | D:6      | Reached XP level 7. HP: 52/52 MP: 7/7
  4878 | D:6      | Found a sand-covered staircase.
  4985 | Ossuary  | Entered an ossuary
  5005 | Ossuary  | Reached skill level 8 in Axes
  5101 | Ossuary  | Slain by a mummy

Skill      XL: |  1  2  3  4  5  6  7 |
---------------+----------------------+-----
Axes           | 3 4 5 6 7 8 |  8.5
Fighting       | |  3.0
Dodging        | |  2.6
Stealth        | |  1.7

Action                   |  1- 3 |  4- 6 |  7- 9 || total
-------------------------+-------+-------+-------++-------
Melee: Hand axe          |   111 |   330 |    73 ||   514
       War axe           |       |       |    64 ||    64
       Punch             |       |       |     1 ||     1
Invok: Heroism           |       |       |     3 ||     3
  Use: Potion            |     2 |     5 |       ||     7
       Scroll            |       |     8 |       ||     8
 Stab: Sleeping          |     2 |       |       ||     2
       Distracted        |     1 |       |       ||     1
  Eat: Chunk             |     1 |    11 |       ||    12
       Pizza             |       |       |     1 ||     1
Armor: Robe              |    23 |       |       ||    23
       Scale mail        |       |    95 |    29 ||   124
       Skin              |       |     6 |    43 ||    49
Dodge: Dodged            |    73 |   159 |    36 ||   268
Block: Other             |       |    33 |    11 ||    44
